 Dungeon Crawl Stone Soup version 0.22-a0-346-ga714374 (webtiles) character file.

672 Voxish the Slasher (level 7, 0/44 HPs)
             Began as a Tengu Berserker on Apr 6, 2018.
             Was a Believer of Trog.
             Slain by Grinder (2 damage)
             ... while paralysed
             ... on level 4 of the Dungeon.
             The game lasted 00:09:17 (3120 turns).

Voxish the Slasher (Tengu Berserker)                Turns: 3120, Time: 00:09:17

Health: 0/44       AC:  8    Str: 18    XL:     7   Next: 58%
Magic:  8/8        EV:  2    Int:  7    God:    Trog [**....]
Gold:   252        SH:  0    Dex: 15    Spells: 6/6 levels left

rFire    . . .     SeeInvis .   a - +0 falchion
rCold    . . .     Gourm    .   (no shield)
rNeg     . . .     Faith    .   s - +0 scale mail
rPois    .         Spirit   .   (helmet restricted)
rElec    .         Reflect  .   j - +0 cloak
rCorr    .         Harm     .   (no gloves)
MR       .....                  (boots unavailable)
Stlth    ..........             (no amulet)
HPRegen  0.14/turn              (no ring)
MPRegen  0.11/turn              (no ring)

@: paralysed, berserk cooldown, slowed
A: beak, talons 3, able to fly 1
a: Fly, Berserk, Trog's Hand, Renounce Religion


You were on level 4 of the Dungeon.
You worshipped Trog.
Trog was pleased with you.
You were not hungry.

You visited 1 branch of the dungeon, and saw 4 of its levels.

You collected 252 gold pieces.

Inventory:

Hand Weapons
 a - a +0 falchion (weapon)
 q - a +0 falchion
Missiles
 l - 3 javelins (quivered)
 r - 2 tomahawks of returning
Armour
 b - a +0 animal skin
 e - a +0 leather armour
 j - a +0 cloak (worn)
 s - a +0 scale mail (worn)
Jewellery
 u - an uncursed ring of flight {unknown}
Scrolls
 g - 4 scrolls of teleportation {unknown}
 h - 3 scrolls of identify {unknown}
 i - a scroll of enchant weapon {unknown}
 n - a scroll of random uselessness {unknown}
 t - a scroll of amnesia {unknown}
Potions
 d - 3 potions of might {unknown}
 f - 2 potions of flight {unknown}
 k - a potion of haste {unknown}
 m - 2 potions of degeneration {unknown}
 o - 2 potions of invisibility {unknown}
 p - 2 potions of curing {unknown}
 v - 2 potions of lignification {unknown}
 w - a potion of heal wounds {unknown}
 x - a potion of ambrosia {unknown}
 z - 2 potions of agility {unknown}
Comestibles
 c - 3 rations


   Skills:
 + Level 4.9 Fighting
 + Level 5.5 Long Blades
 + Level 4.9 Armour
 + Level 4.8 Dodging


You had 6 spell levels left.
You didn't know any spells.

Dungeon Overview and Level Annotations

Branches:
Dungeon (4/15)
 Temple: D:4-7

Altars:
Elyvilon

Annotations:
D:4 Grinder


Innate Abilities, Weirdness & Mutations

You have a beak for a mouth.
You have claws for feet.
You can fly.


Message History

Your skin stops crawling.
You feel less resistant to hostile enchantments.
Grinder gestures at you. Pain shoots through your body!
* * * LOW HITPOINT WARNING * * *
A red film seems to cover your vision as you go berserk!
You feel yourself moving faster!
You feel mighty!
You feel a lot more hungry. Grinder gestures at you.
You resist with significant effort.
You hit Grinder.
Grinder is almost dead.
Grinder blinks!
You feel a strong urge to attack something.
Found a scroll labeled AHEIH NEUFRINY.
There is an open door here.
You feel your anger nearly subside.
You are no longer berserk.
You pass out from exhaustion.
You feel yourself slow down. Grinder hits you.
You die...

##.# ...##..#####...## ##.# ###
#..#####..## ##.# #. #.........#
##.# #.# #.........# #.# #.#
#...#####.### ##.# #.###
#.....##.....## )..# #.#.##
##.......#......##
########....####.................
...............'@5...............
########....####.................
#.#.## ##.......######.#.
#####.##### #?....# ###.
#.........# #...## #. #.###.....#
#+## #. ####..# #.# #.
#..#######.# #.
.######..........## ##


You could see Grinder.

Vanquished Creatures
  The ghost of PaperRat the Firebug, an amateur TeFE (D:4)
  Menkaure (D:4)
  Blork the orc (D:4)
  A howler monkey (D:4)
  3 orc wizards
  An orc priest (D:4)
  A hound (D:4)
  A worker ant (D:4)
  6 adders
  An ooze (D:1)
  A dart slug (D:2)
  3 leopard geckos
  11 orcs
  2 giant cockroaches
  5 hobgoblins
  2 quokkas (D:4)
  6 bats
  3 goblins
  4 kobolds
  3 rats (D:1)
57 creatures vanquished.

Notes
Turn   | Place    | Note
-------+----------+-------------------------------------------
     0 | D:1      | Voxish the Tengu Berserker began the quest for the Orb.
     0 | D:1      | Reached XP level 1. HP: 14/14 MP: 2/2
   302 | D:1      | Reached XP level 2. HP: 19/19 MP: 3/3
   871 | D:2      | Reached XP level 3. HP: 16/23 MP: 4/4
  1288 | D:2      | Reached XP level 4. HP: 16/28 MP: 5/5
  1594 | D:2      | Reached ** piety under Trog
  1874 | D:3      | Found a white marble altar of Elyvilon.
  1978 | D:3      | Reached skill level 4 in Long Blades
  1980 | D:3      | Gained mutation: You can fly. [Tengu growth]
  1980 | D:3      | Reached XP level 5. HP: 33/33 MP: 6/6
  2191 | D:3      | Found a faded altar of an unknown god.
  2445 | D:4      | Reached XP level 6. HP: 27/38 MP: 7/7
  2700 | D:4      | Noticed Blork the orc
  2709 | D:4      | Killed Blork the orc
  3033 | D:4      | Noticed Menkaure
  3040 | D:4      | Killed Menkaure
  3040 | D:4      | Reached skill level 5 in Long Blades
  3040 | D:4      | Reached XP level 7. HP: 23/44 MP: 8/8
  3046 | D:4      | Noticed PaperRat's ghost (amateur TeFE)
  3055 | D:4      | Killed PaperRat's ghost
  3097 | D:4      | Noticed Grinder
  3113 | D:4      | HP: 1/44 [Grinder/nerve-wracking pain (13)]
  3120 | D:4      | Slain by Grinder

Vault maps used:
D:1:      lightli_arrival_chessboard
D:2:      first_ration
D:3:      old_standard_altar, chequers_ecumenical_altar_simple
D:4:      uniq_blork_the_orc, uniq_menkaure, uniq_grinder

Skill      XL: |  1  2  3  4  5  6 |
---------------+-------------------+-----
Armour         | 3 4 |  4.9
Dodging        | 3 4 |  4.8
Long Blades    | 4 5 |  5.5
Fighting       | 4 |  4.9

Action                   |  1- 3 |  4- 6 |  7- 9 || total
-------------------------+-------+-------+-------++-------
Melee: Falchion          |    38 |    77 |    20 ||   135
       Kick              |    14 |    31 |     6 ||    51
       Peck              |     8 |    21 |     3 ||    32
Invok: Berserk           |       |     2 |     2 ||     4
       Trog's Hand       |       |     1 |     1 ||     2
 Stab: Sleeping          |     1 |       |       ||     1
  Eat: Chunk             |     1 |     3 |       ||     4
       Ration            |       |     1 |     1 ||     2
Armor: Leather armour    |     7 |     6 |       ||    13
       Scale mail        |       |     8 |     4 ||    12
Dodge: Dodged            |    24 |    37 |     4 ||    65
       Rpst.: Falchion   |     7 |    11 |       ||    18

Table legend:
 A = Spawn XP
 B = Non-spawn XP
 C = Spawn XP percentage of total XP
 D = Spawn monster count
 E = Non-spawn monster count
 F = Spawn count percentage of total count
 G = Total turns spent on level
                    A         B        C        D         E        F      G
               +---------+---------+-------+---------+---------+-------+---------
         Total |       0 |     960 |   0.0 |       0 |      57 |   0.0 |  3120
               +---------+---------+-------+---------+---------+-------+---------
           D:1 |       0 |      21 |   0.0 |       0 |      12 |   0.0 |   844
           D:2 |       0 |      84 |   0.0 |       0 |      12 |   0.0 |  1020
           D:3 |       0 |     108 |   0.0 |       0 |      13 |   0.0 |   394
           D:4 |       0 |     747 |   0.0 |       0 |      20 |   0.0 |   862
               +---------+---------+-------+---------+---------+-------+---------
